1947 views
Uploaded 2022-12-16 23:32:30
Game version 1.32.10
11:31 long 2on2 ladder game on (4)FurbolgMountain
Saved by DKnight
1947 views
Uploaded 2022-12-16 23:32:30
Game version 1.32.10
11:31 long 2on2 ladder game on (4)FurbolgMountain


29 units @ 4.2k
/ 0.5k
21 buildings @ 3.6k
/ 1.1k


| Rod of Necromancy | 1 | 150 |
| Lesser Clarity Potion | 1 | 70 |
| Orb of Corruption | 1 | 375 |
| Potion of Mana | 1 | 200 |
| Potion of Healing | 1 | 150 |
| Scroll of Healing | 1 | 250 |
| Scroll of Speed | 1 | 50 |
| total: | 7 | 1245g |
| Ghoul | 3 | 360 | / | 0 |
| Acolyte | 2 | 150 | / | 0 |
| Crypt Fiend | 7 | 1505 | / | 280 |
| Obsidian Statue | 3 | 600 | / | 105 |
| total: | 15 | 2615g | / | 385w |
| Nerubian Tower | 1 | 100 | / | 20 |
| Crypt | 1 | 200 | / | 50 |
| Ziggurat | 4 | 600 | / | 200 |
| Graveyard | 2 | 430 | / | 0 |
| Altar of Darkness | 1 | 180 | / | 50 |
| Tomb of Relics | 1 | 130 | / | 30 |
| Slaughterhouse | 1 | 140 | / | 135 |
| Halls of the Dead | 1 | 320 | / | 210 |
| Black Citadel | 1 | 325 | / | 230 |
| total: | 10 | 1680g | / | 465w |
| 0:07 | Crypt |
| 0:27 | Ziggurat |
| 0:30 | Graveyard |
| 0:31 | Graveyard |
| 0:52 | Altar of Darkness |
| 1:12 | Ghoul |
| 1:32 | Ghoul |
| 1:43 | Acolyte |
| 1:49 | Tomb of Relics |
| 2:02 | Acolyte |
| 2:16 | Ghoul |
| 2:31 | Nerubian Tower |
| 2:47 | Crypt Fiend |
| 2:50 | Death Coil |
| 3:04 | Rod of Necromancy |
| 3:33 | Halls of the Dead |
| 3:49 | Ziggurat |
| 4:21 | Ziggurat |
| 4:44 | Unholy Aura |
| 4:53 | Crypt Fiend |
| 5:05 | Crypt Fiend |
| 6:07 | Slaughterhouse |
| 6:23 | Burrow |
| 6:27 | Black Citadel |
| 6:49 | Lesser Clarity Potion |
| 6:49 | Scroll of Speed |
| 6:59 | Crypt Fiend |
| 7:07 | Frost Nova |
| 8:00 | Crypt Fiend |
| 8:12 | Obsidian Statue |
| 9:19 | Death Coil |
| 9:28 | Destroyer Form |
| 9:33 | Ziggurat |
| 9:46 | Obsidian Statue |
| 9:59 | Orb of Corruption |
| 10:00 | Scroll of Healing |
| 10:06 | Crypt Fiend |
| 10:45 | Crypt Fiend |
| 10:57 | Obsidian Statue |
| 11:00 | Potion of Mana |
| 11:25 | Potion of Healing |
| Right click | 612 |
| Select group | 498 |
| Select | 209 |
| Misc. action | 62 |
| Build/train/purchase | 48 |
| Assign group | 29 |
| Chat | 25 |
| Use ability | 13 |
| Minimap ping | 4 |
| Item give/drop | 1 |
| Remove unit | 1 |



| Healing Salve | 1 | 100 |
| total: | 1 | 100g |
| Peon | 6 | 450 | / | 0 |
| Troll Headhunter | 8 | 1120 | / | 160 |
| total: | 14 | 1570g | / | 160w |
| Altar of Storms | 1 | 180 | / | 50 |
| Orc Burrow | 3 | 480 | / | 120 |
| War Mill | 1 | 205 | / | 0 |
| Barracks | 1 | 180 | / | 50 |
| Voodoo Lounge | 3 | 390 | / | 90 |
| Great Hall | 1 | 385 | / | 185 |
| Spirit Lodge | 1 | 150 | / | 150 |
| Stronghold | 1 | 315 | / | 190 |
| Fortress | 1 | 325 | / | 190 |
| total: | 11 | 1970g | / | 645w |
| 0:02 | Peon |
| 0:02 | Peon |
| 0:07 | Altar of Storms |
| 0:11 | Orc Burrow |
| 0:20 | Peon |
| 0:44 | War Mill |
| 0:51 | Peon |
| 1:16 | Peon |
| 1:23 | Barracks |
| 1:33 | Peon |
| 1:59 | Orc Burrow |
| 2:12 | Feral Spirit |
| 2:30 | Voodoo Lounge |
| 2:55 | Troll Headhunter |
| 2:55 | Troll Headhunter |
| 3:23 | Troll Headhunter |
| 3:24 | Troll Headhunter |
| 4:04 | Stronghold |
| 4:52 | Troll Headhunter |
| 4:52 | Troll Headhunter |
| 5:40 | Chain Lighting |
| 6:03 | Great Hall |
| 6:27 | Troll Regeneration |
| 6:30 | Fortress |
| 6:40 | Orc Burrow |
| 6:59 | Healing Salve |
| 7:05 | Reinforced Defenses |
| 8:22 | Voodoo Lounge |
| 8:33 | Hex |
| 9:38 | Voodoo Lounge |
| 10:03 | Berserker Upgrade |
| 10:03 | Troll Headhunter |
| 10:04 | Troll Headhunter |
| 10:18 | Steel Ranged Weapons |
| 10:21 | Spirit Lodge |
| 10:46 | Feral Spirit |
| 11:11 | War Stomp |
| Select group | 223 |
| Right click | 222 |
| Select | 118 |
| Misc. action | 42 |
| Build/train/purchase | 35 |
| Assign group | 13 |
| Use ability | 12 |
37 units @ 4.8k
/ 0.7k
23 buildings @ 3.8k
/ 1.3k


| Rod of Necromancy | 1 | 150 |
| total: | 1 | 150g |
| Acolyte | 2 | 150 | / | 0 |
| Ghoul | 2 | 240 | / | 0 |
| Crypt Fiend | 7 | 1505 | / | 280 |
| Obsidian Statue | 2 | 400 | / | 70 |
| total: | 13 | 2295g | / | 350w |
| Nerubian Tower | 1 | 100 | / | 20 |
| Graveyard | 1 | 215 | / | 0 |
| Crypt | 1 | 200 | / | 50 |
| Altar of Darkness | 2 | 360 | / | 100 |
| Ziggurat | 5 | 750 | / | 250 |
| Tomb of Relics | 1 | 130 | / | 30 |
| Slaughterhouse | 1 | 140 | / | 135 |
| Halls of the Dead | 1 | 320 | / | 210 |
| Black Citadel | 1 | 325 | / | 230 |
| total: | 11 | 1795g | / | 565w |
| 0:02 | Acolyte |
| 0:04 | Graveyard |
| 0:07 | Crypt |
| 0:17 | Acolyte |
| 0:39 | Altar of Darkness |
| 0:42 | Altar of Darkness |
| 1:03 | Ziggurat |
| 1:09 | Ghoul |
| 1:24 | Tomb of Relics |
| 1:54 | Crypt Fiend |
| 1:58 | Nerubian Tower |
| 2:11 | Ziggurat |
| 2:35 | Crypt Fiend |
| 2:51 | Carrion Beetles |
| 2:55 | Rod of Necromancy |
| 3:16 | Ghoul |
| 3:37 | Halls of the Dead |
| 4:02 | Crypt Fiend |
| 4:08 | Impale |
| 4:24 | Ziggurat |
| 5:05 | Crypt Fiend |
| 5:22 | Carrion Beetles |
| 5:29 | Crypt Fiend |
| 6:00 | Burrow |
| 6:05 | Slaughterhouse |
| 6:56 | Web |
| 7:03 | Death Coil |
| 7:31 | Crypt Fiend |
| 7:35 | Ziggurat |
| 7:58 | Black Citadel |
| 8:31 | Obsidian Statue |
| 8:31 | Obsidian Statue |
| 8:51 | Impale |
| 9:02 | Crypt Fiend |
| 10:17 | Ziggurat |
| 10:52 | Creature Attack |
| 10:52 | Creature Carapace |
| Right click | 566 |
| Select group | 555 |
| Select | 134 |
| Misc. action | 113 |
| Build/train/purchase | 44 |
| Assign group | 32 |
| Use ability | 5 |


| Wisp | 15 | 900 | / | 0 |
| Archer | 5 | 650 | / | 50 |
| Mountain Giant | 2 | 700 | / | 200 |
| Dryad | 2 | 290 | / | 120 |
| total: | 24 | 2540g | / | 370w |
| Altar of Elders | 1 | 180 | / | 50 |
| Moon Well | 6 | 1080 | / | 240 |
| Ancient of War | 1 | 150 | / | 60 |
| Hunter's Hall | 1 | 210 | / | 100 |
| Ancient of Wonders | 1 | 90 | / | 30 |
| Ancient of Lore | 2 | 310 | / | 290 |
| Tree of Ages | 1 | 320 | / | 180 |
| Tree of Eternity | 1 | 330 | / | 200 |
| total: | 12 | 2020g | / | 770w |
| 0:03 | Wisp |
| 0:03 | Wisp |
| 0:03 | Wisp |
| 0:08 | Altar of Elders |
| 0:18 | Moon Well |
| 0:25 | Wisp |
| 0:32 | Wisp |
| 0:54 | Ancient of War |
| 1:05 | Wisp |
| 1:15 | Wisp |
| 1:15 | Wisp |
| 1:41 | Moon Well |
| 1:56 | Wisp |
| 1:58 | Archer |
| 2:07 | Force of Nature |
| 3:09 | Archer |
| 3:12 | Tree of Ages |
| 3:15 | Hunter's Hall |
| 3:22 | Archer |
| 3:46 | Moon Well |
| 3:47 | Archer |
| 4:07 | Archer |
| 4:21 | Ancient of Wonders |
| 4:29 | Ultravision |
| 4:44 | Entangling Roots |
| 5:36 | Ancient of Lore |
| 5:37 | Wisp |
| 5:37 | Wisp |
| 5:42 | Improved Bows |
| 5:46 | Wisp |
| 5:48 | Wisp |
| 5:50 | Ancient of Lore |
| 5:54 | Moon Well |
| 6:06 | Entangling Roots |
| 6:12 | Wisp |
| 6:56 | Wisp |
| 7:02 | Moon Well |
| 7:03 | Mountain Giant |
| 7:12 | Abolish Magic |
| 7:36 | Healing Spray |
| 7:57 | Mountain Giant |
| 8:02 | Moon Well |
| 8:19 | Strength of the Wild |
| 9:22 | Dryad |
| 9:25 | Tree of Eternity |
| 10:03 | Druid of the Claw Adept Training |
| 11:25 | Dryad |
| Right click | 718 |
| Select group | 606 |
| Select | 173 |
| Misc. action | 90 |
| Build/train/purchase | 47 |
| Assign group | 24 |
| Use ability | 21 |
| Item give/drop | 1 |